Cogmind - Beta 10.1 @@@ ROGUE MODE // 2020.10.10 @ 11:52:04 Player: Noxul Result: Destroyed by D-53 Grenadier with Mini Grenade Launcher Performance ------------- Evolutions (1) 500 Regions Visited (6) 1200 Robots Destroyed (23) 115 Value Destroyed (540) 540 Prototype IDs (2) 40 Alien Tech Used (0) 0 Bonus (1015) 1015 TOTAL SCORE: 3410 Bonus ------- Follower Combat Kills 447 Met Imprinter 300 Was Imprinted 300 Friendly Fire -32 Cogmind --------- Core Integrity 0/400 Matter 295/300 Energy 285/290 System Corruption 0% Temperature Cool (0) Movement Rolling (90) Ox1 Location -6/Proximity Caves Parts ------- > --- POWER (1) -------- Improved Deuterium Engine > --- PROPULSION (2) --- Wheel > --- UTILITY (3) ------ Small Storage Unit > --- WEAPON (3) ------- CR-A16's Pointy Stick > --- INVENTORY (6) ---- Ion Engine Reinforced Ion Engine Makeshift Transmission Jammer Advanced ECM Suite Improved Light Armor Plating Peak State ------------ > --- POWER ------------ Improved Deuterium Engine > --- PROPULSION ------- Wheel Armored Wheel > --- UTILITY ---------- Advanced Heat Sink Small Storage Unit Experimental Sensor Array > --- WEAPON ----------- Gauss Rifle Plasma Flamer CR-A16's Pointy Stick > --- INVENTORY -------- Ion Engine Reinforced Ion Engine Wheel Advanced ECM Suite Improved Light Armor Plating [Rating: 33] Favorites ----------- Power Ion Engine Engine Ion Engine Propulsion Armored Wheel Treads Light Treads Wheel Armored Wheel Utility Small Storage Unit Device Experimental Sensor Array Storage Small Storage Unit Processor Seismic Analyzer Protection Weapon Shielding Weapon Assault Rifle Energy Gun Small Laser Ballistic Gun Assault Rifle Special Weapon Plasma Flamer Piercing Weapon CR-A16's Pointy Stick Build | -11 -10 -10 -9 -9 -7 -6 ------- Run | Scr Mat Min Mat Min Zio Pro Slots Evolved 2 | . . . 2 . . . Power . | . . . . . . . Propulsion . | . . . . . . . Utility 1 | . . . 1 . . . Weapon 1 | . . . 1 . . . Parts Attached 33 | 6 1 1 8 4 2 11 Power 3 | 1 . . 1 . . 1 Engine 3 | 1 . . 1 . . 1 Core . | . . . . . . . Reactor . | . . . . . . . Propulsion 9 | 2 . . 3 1 . 3 Treads 3 | 2 . . 1 . . . Leg . | . . . . . . . Wheel 6 | . . . 2 1 . 3 Hover . | . . . . . . . Flight . | . . . . . . . Utility 12 | 1 1 1 2 2 2 3 Device 8 | . 1 . 1 1 2 3 Storage 1 | 1 . . . . . . Processor 2 | . . . 1 1 . . Hackware . | . . . . . . . Protection 1 | . . 1 . . . . Artifact . | . . . . . . . Weapon 9 | 2 . . 2 1 . 4 Energy Gun 1 | . . . . 1 . . Energy Cannon . | . . . . . . . Ballistic Gun 6 | 2 . . 2 . . 2 Ballistic Cannon . | . . . . . . . Launcher . | . . . . . . . Special Weapon 1 | . . . . . . 1 Impact Weapon . | . . . . . . . Slashing Weapon . | . . . . . . . Piercing Weapon 1 | . . . . . . 1 Special Melee Weapon . | . . . . . . . Unidentified Prototypes 2 | . . . . . 2 . Parts Lost 16 | . . 1 2 2 . 11 Power . | . . . . . . . Propulsion 4 | . . . . 1 . 3 Utility 5 | . . 1 . 1 . 3 Weapon 7 | . . . 2 . . 5 Highest Loss Streak 6 | . . 1 1 2 . 6 Average Slot Usage (%) 91 | . 91 92 86 94 90 91 Engine 11 | . 14 14 11 11 11 11 Treads 7 | . 28 28 16 . . . Wheel 15 | . . . 5 21 22 21 Device 9 | . 6 6 5 7 11 15 Storage 11 | . 14 14 11 11 11 11 Processor 3 | . . . 5 10 2 . Protection 2 | . . 1 11 3 . . Energy Gun 5 | . . . . 7 11 7 Ballistic Gun 21 | . 28 28 20 22 22 18 Naked Turns . | . . . . . . . Heaviest Build 26 | 13 14 14 15 15 15 26 Greatest Support 40 | 40 40 40 40 24 24 24 Greatest Overweight (x) 1 | . . . . . . 1 Average Overweight (x) . | . . . . . . . Largest Inventory Capacity 6 | 6 6 6 6 6 6 6 Average Capacity 5 | 4 6 6 6 6 6 6 Most Carried 6 | 3 4 6 6 6 6 6 Average Carried 4 | 1 3 4 5 5 5 5 Final Capacity 6 | 6 6 6 6 6 6 6 Final Carried 6 | 3 3 5 4 6 5 5 Class Distribution -------------------- 49% | Mutant 34% | Skirmisher 16% | Scavenger-Skirmisher Dominant Class ---------------- Mutant | -10/Materials Mutant | -10/Mines Mutant | -9/Materials Scavenger-Skirmisher | -9/Mines Skirmisher | -7/Zion Skirmisher | -6/Proximity Caves Resources | -11 -10 -10 -9 -9 -7 -6 ----------- Run | Scr Mat Min Mat Min Zio Pro Matter Collected 856 | 219 18 100 195 184 20 120 Remotely 10 | . . . . . . 10 Salvage Created 706 | . 18 110 309 269 . . Parts 41 | . 1 5 23 12 . . Haulers Intercepted . | . . . . . . . Recyclers Shooed . | . . . . . . . Parts Field Recycled . | . . . . . . . Retrieved Matter . | . . . . . . . Parts Self-Destructed 12 | . . . . . . 12 Prevented 6 | . . . . . . 6 Kills | -11 -10 -10 -9 -9 -7 -6 ------- Run | Scr Mat Min Mat Min Zio Pro Combat Hostiles Destroyed 21 | . 1 3 8 9 . . Guns 21 | . 1 3 8 9 . . Classes Destroyed 8 | . 1 1 3 3 . . Worker 1 | . . . 1 . . . Watcher 1 | . . . 1 . . . Swarmer 4 | . 1 . 3 . . . Grunt 9 | . . 3 4 2 . . Brawler 1 | . . . . 1 . . Duelist 1 | . . . . 1 . . Sentry 1 | . . . 1 . . . Assembled 5 | . . . . 5 . . Best Kill Streak 4 | . 1 3 3 4 . . Combat Bots Only 4 | . 1 3 3 4 . . Max Kills in Single Turn 1 | . 1 1 1 1 . . Gunslinging . | . . . . . . . Exploded . | . . . . . . . Melee . | . . . . . . . Uniques/NPCs Destroyed . | . . . . . . . Combat | -11 -10 -10 -9 -9 -7 -6 -------- Run | Scr Mat Min Mat Min Zio Pro Damage Taken 2084 | . . 339 410 528 . 807 Core 462 | . . 53 87 143 . 179 Absorbed by Shields . | . . . . . . . Core Remaining (%) 89 | 100 . 78 . . . . Volleys Fired 90 | . 1 11 34 32 . 12 Largest 3 | . 2 2 2 3 . 3 Hottest 88 | . 40 40 43 83 . 88 Shots Fired 176 | . 2 22 56 71 . 25 Gun 176 | . 2 22 56 71 . 25 Cannon . | . . . . . . . Launcher . | . . . . . . . Special . | . . . . . . . Kinetic 163 | . 2 22 56 64 . 19 Thermal 13 | . . . . 7 . 6 Explosive . | . . . . . . . Electromagnetic . | . . . . . . . Robot Hit Streak 15 | . 1 6 15 10 . 8 Robot Miss Streak 4 | . . 1 2 4 . 4 Penetration Max . | . . . . . . . Secondary Targets 5 | . . 1 . 4 . . Max Gunslinging Chain 1 | . . 1 . 1 . . Shots Hit Robots 130 | . 1 17 44 47 . 21 Core Hits 58 | . 1 7 18 23 . 9 Critical Hits 2 | . . . 2 . . . Critical Kills 1 | . . . 1 . . . Critical Parts Destroyed 1 | . . . 1 . . . Melee Attacks 7 | . . . . . . 7 Impact . | . . . . . . . Slashing . | . . . . . . . Piercing 7 | . . . . . . 7 Sneak Attacks . | . . . . . . . Combat Hostiles . | . . . . . . . Follow-up Attacks . | . . . . . . . Damage Inflicted 1542 | . 14 234 510 397 . 387 Guns 1445 | . 14 234 510 397 . 290 Cannons . | . . . . . . . Explosions . | . . . . . . . Melee 97 | . . . . . . 97 Ramming . | . . . . . . . Kinetic 1355 | . 14 234 510 342 . 255 Thermal 90 | . . . . 55 . 35 Explosive . | . . . . . . . Electromagnetic . | . . . . . . . Impact . | . . . . . . . Slashing . | . . . . . . . Piercing 97 | . . . . . . 97 Highest Corruption . | . . . . . . . Average Corruption . | . . . . . . . Corruption Purged . | . . . . . . . Overload Shots . | . . . . . . . Overflow Damage . | . . . . . . . Projectiles . | . . . . . . . Explosions . | . . . . . . . Melee . | . . . . . . . Knockbacks . | . . . . . . . Impact . | . . . . . . . Kinetic . | . . . . . . . Secondary . | . . . . . . . Self-Inflicted Damage . | . . . . . . . Shots . | . . . . . . . Rammed . | . . . . . . . Targets Rammed . | . . . . . . . Kicked . | . . . . . . . Crushed . | . . . . . . . Highest Temperature 60 | . . 15 6 60 . 57 Average Temperature 19 | . . 6 6 21 . 30 Received Heat Transfer 532 | . . 195 144 118 . 75 Siege Activations . | . . . . . . . Robots Corrupted . | . . . . . . . Combat Hostiles . | . . . . . . . Parts Fried . | . . . . . . . Impact Corruptions . | . . . . . . . Robots Melted . | . . . . . . . Combat Hostiles . | . . . . . . . Parts Melted . | . . . . . . . Heat Transferred 200 | . . . . 125 . 75 Parts Sabotaged . | . . . . . . . Parts Stolen . | . . . . . . . Parts Stripped . | . . . . . . . Power Chain Reactions . | . . . . . . . Missiles Intercepted . | . . . . . . . Alert | -11 -10 -10 -9 -9 -7 -6 ------- Run | Scr Mat Min Mat Min Zio Pro Peak Influence 273 | . 50 80 273 128 . . Initial 31 | . . 19 31 . . . Average 64 | . 14 49 105 59 . . Maximum Alert Level 1 | . . . 1 . . . Low Security (%) 92 | 100 100 100 77 100 . . Level 1 7 | . . . 22 . . . Level 2 . | . . . . . . . Level 3 . | . . . . . . . Level 4 . | . . . . . . . Level 5 . | . . . . . . . High Security . | . . . . . . . Max Security . | . . . . . . . Squads Dispatched 3 | . 1 1 1 . . . Investigation 1 | . . . 1 . . . Extermination . | . . . . . . . Reinforcement 1 | . 1 . . . . . Assault 1 | . . 1 . . . . Garrison . | . . . . . . . Intercept . | . . . . . . . Construction Impeded . | . . . . . . . Haulers Reinforced . | . . . . . . . Stealth | -11 -10 -10 -9 -9 -7 -6 --------- Run | Scr Mat Min Mat Min Zio Pro Distress Signals 11 | . 1 . 1 . . 9 Communications Jammed . | . . . . . . . Distress Signals . | . . . . . . . Times Spotted 43 | . 3 4 11 15 . 10 Peak Tracking Total 7 | . 4 4 5 5 . 7 Tactical Retreats 2 | . . . . 2 . . Traps | -11 -10 -10 -9 -9 -7 -6 ------- Run | Scr Mat Min Mat Min Zio Pro Traps Triggered 1 | . . . 1 . . . Indirectly . | . . . . . . . Trap Hack Attempts . | . . . . . . . Triggered . | . . . . . . . Disarmed . | . . . . . . . Reprogrammed . | . . . . . . . Reused . | . . . . . . . Traps Extracted . | . . . . . . . Installed . | . . . . . . . Triggered . | . . . . . . . Machines | -11 -10 -10 -9 -9 -7 -6 ---------- Run | Scr Mat Min Mat Min Zio Pro Machines Disabled 2 | . . . . 1 . 1 Max in Single Turn . | . . . . . . . Machines Sabotaged . | . . . . . . . Garrisons Compromised . | . . . . . . . Overloaded Fab Kills . | . . . . . . . Fab Network Shutdowns . | . . . . . . . Hacking | -11 -10 -10 -9 -9 -7 -6 --------- Run | Scr Mat Min Mat Min Zio Pro Machines Accessed 2 | . . . 2 . . . Terminals 2 | . . . 2 . . . Fabricators . | . . . . . . . Repair Stations . | . . . . . . . Recycling Units . | . . . . . . . Scanalyzers . | . . . . . . . Garrison Access . | . . . . . . . Total Hacks 7 | . . . 7 . . . Successful 3 | . . . 3 . . . Failed 4 | . . . 4 . . . Catastrophic . | . . . . . . . Database Lockouts . | . . . . . . . Manual 7 | . . . 7 . . . Terminals 7 | . . . 7 . . . Fabricators . | . . . . . . . Repair Stations . | . . . . . . . Recycling Units . | . . . . . . . Scanalyzers . | . . . . . . . Garrison Access . | . . . . . . . Terminal Hacks 1 | . . . 1 . . . Unreport Threat 1 | . . . 1 . . . Fabricator Hacks . | . . . . . . . Repair Station Hacks . | . . . . . . . Recycling Unit Hacks . | . . . . . . . Scanalyzer . | . . . . . . . Garrison Access Hacks . | . . . . . . . Unauthorized Hacks 2 | . . . 2 . . . Terminals 2 | . . . 2 . . . Track 1 | . . . 1 . . . Botnet 1 | . . . 1 . . . Fabricators . | . . . . . . . Repair Stations . | . . . . . . . Recycling Units . | . . . . . . . Scanalyzers . | . . . . . . . Garrison Access . | . . . . . . . Data Cores Recovered . | . . . . . . . Used . | . . . . . . . Hacking Detections 2 | . . . 2 . . . Full Trace Events . | . . . . . . . Feedback Events . | . . . . . . . Feedback Blocked . | . . . . . . . Robot Schematics Acquired . | . . . . . . . Robots Built . | . . . . . . . Matter . | . . . . . . . Time . | . . . . . . . Total Robot Build Rating . | . . . . . . . Part Schematics Acquired . | . . . . . . . Parts Built . | . . . . . . . Matter . | . . . . . . . Time . | . . . . . . . Total Part Build Rating . | . . . . . . . Parts Repaired . | . . . . . . . Time . | . . . . . . . Parts Recycled . | . . . . . . . Recycled Matter . | . . . . . . . Retrieved Matter . | . . . . . . . Retrieved Components . | . . . . . . . Parts Scanalyzed . | . . . . . . . Part Schematics Acquired . | . . . . . . . Parts Damaged . | . . . . . . . Bothacking | -11 -10 -10 -9 -9 -7 -6 ------------ Run | Scr Mat Min Mat Min Zio Pro Used RIF Installer . | . . . . . . . Robots Hacked . | . . . . . . . Non-combat . | . . . . . . . Combat . | . . . . . . . Robot Hacks Applied . | . . . . . . . Relay Couplers Released . | . . . . . . . Robots Rewired . | . . . . . . . Allies Hacked . | . . . . . . . Hacks Repelled . | . . . . . . . Allies | -11 -10 -10 -9 -9 -7 -6 -------- Run | Scr Mat Min Mat Min Zio Pro Total Allies 8 | . . 1 . 3 4 . Largest Group 4 | . . 1 . 2 4 4 Highest-Rated Group 151 | . . 31 . 57 151 151 Highest-Rated Ally 39 | . . 31 . 31 39 39 Total Orders . | . . . . . . . Ally Attacks 39 | . . 5 . 8 . 26 Total Damage 1069 | . . 40 . 125 . 904 Kills 16 | . . 1 . 4 . 11 Allies Corrupted 1 | . . . . . . 1 Allies Melted . | . . . . . . . Intel | -11 -10 -10 -9 -9 -7 -6 ------- Run | Scr Mat Min Mat Min Zio Pro Robot Analysis Total . | . . . . . . . Derelict Logs Recovered 4 | . . . . . 1 3 Drone Launches . | . . . . . . . Drone Recoveries . | . . . . . . . Exploration | -11 -10 -10 -9 -9 -7 -6 ------------- Run | Scr Mat Min Mat Min Zio Pro Turns Passed 2525 | 72 137 272 451 431 557 605 Spaces Moved 1687 | 44 77 133 239 264 481 449 Core 11 | 11 . . . . . . Treads 383 | 33 77 133 140 . . . Legs . | . . . . . . . Wheels 1293 | . . . 99 264 481 449 Hover . | . . . . . . . Flight . | . . . . . . . Fastest Speed 50 | 50 160 160 90 90 90 85 Average Speed 105 | 132 160 160 131 90 90 91 Slowest Speed 160 | 160 160 160 160 90 90 100 Overloaded Moves . | . . . . . . . Propulsion Burnouts . | . . . . . . . Robots Hopped . | . . . . . . . Cave-ins Triggered . | . . . . . . . Exploration Rate (%) 33 | 3 31 28 25 52 49 49 Regions Visited 6 Branch Regions 4 Pre-discovered Areas 2 | . . . . 1 1 . Known Exits Taken 1 | . . . 1 . . . Unknown Exits Taken 5 | 1 1 1 . 1 1 . Scrap Searched 8 | . . 2 . . 2 4 Spaces Dug . | . . . . . . . Terrain Destroyed . | . . . . . . . Melee . | . . . . . . . Projectile . | . . . . . . . AOE . | . . . . . . . Terrain Rammed . | . . . . . . . Walls Destroyed . | . . . . . . . Machines Disabled . | . . . . . . . Actions | -11 -10 -10 -9 -9 -7 -6 --------- Run | Scr Mat Min Mat Min Zio Pro Total 2258 | 58 89 171 324 398 607 611 Wait 389 | . 10 22 32 89 115 121 Move 1681 | 43 76 132 238 263 480 449 Hop . | . . . . . . . Pick Up 39 | 9 1 4 6 7 4 8 Fast Attach 4 | . . . 2 1 . 1 Attach 24 | 6 1 1 4 3 2 7 Detach . | . . . . . . . Swap 5 | . . . 2 . . 3 Drop 19 | . . 1 6 3 6 3 Fire 90 | . 1 11 34 32 . 12 Melee 7 | . . . . . . 7 Ram . | . . . . . . . Kick . | . . . . . . . Crush . | . . . . . . . Escape Stasis . | . . . . . . . Rewire . | . . . . . . . Trap . | . . . . . . . Miscellaneous . | . . . . . . . Route ------- -11/Scrapyard -10/Materials -10/Mines -9/Materials -9/Mines -7/Zion -6/Proximity Caves (discovered 1 exit: Fac) History --------- Turn | Location | Event 49 | -11/Scrapyard | Discovered new exit (range 12) 73 | -11/Scrapyard | Entered Materials 182 | -10/Materials | Discovered new exit (range 8) 210 | -10/Materials | Entered Mines 211 | -10/Mines | Met a Derelict testing a Signal Generator 258 | -10/Mines | Found Signal Generator 307 | -10/Mines | Build established: Mutant 471 | -10/Mines | Discovered new exit (range 8) 482 | -10/Mines | Entered Materials 482 | -9/Materials | Evolved 2 slots: Utility x1, Weapon x1 903 | -9/Materials | Discovered new exit (range 12) 931 | -9/Materials | Identified exit to Mines 933 | -9/Materials | Entered Mines 949 | -9/Mines | Met a Derelict bent on vengeance 953 | -9/Mines | Assembled infested the area 1057 | -9/Mines | Core integrity fell below 50% 1117 | -9/Mines | Escorted by a lone wolf Derelict 1139 | -9/Mines | Learned location of Storage (-7) 1204 | -9/Mines | Found a damaged Exp. Sensor Array with a note attached 1206 | -9/Mines | Found Prototype Device 1346 | -9/Mines | A Derelict revealed a hidden shortcut to a safe place 1364 | -9/Mines | Entered Zion 1364 | -7/Zion | Accompanied by 2 allies 1378 | -7/Zion | Build established: Scavenger-Skirmisher 1404 | -7/Zion | Found CR-A16's Pointy Stick 1414 | -7/Zion | Led the pair of lost Derelicts to a safe place 1439 | -7/Zion | Learned location of Recycling (-7) 1496 | -7/Zion | Identified Exp. Sensor Array 1500 | -7/Zion | Found Prototype Device 1573 | -7/Zion | Given the Hacking Drone Bay 1575 | -7/Zion | Found Prototype Device 1576 | -7/Zion | Identified Hacking Drone Bay 1623 | -7/Zion | Imprinted 1625 | -7/Zion | Declared Zion's savior 1788 | -7/Zion | Build established: Skirmisher 1852 | -7/Zion | Learned location of 1 exit from Factory 1860 | -7/Zion | Given A8's code to call for help 1869 | -7/Zion | Discovered new exit (range 9) 1921 | -7/Zion | Entered Proximity Caves 1921 | -6/Proximity Caves | Accompanied by 4 allies 2339 | -6/Proximity Caves | Identified exit to Factory 2350 | -6/Proximity Caves | Attracted the attention of an 0b10 outpost 2397 | -6/Proximity Caves | Lost 5 parts (1n1u3w) 2413 | -6/Proximity Caves | Learned Factory emergency access door positions 2520 | -6/Proximity Caves | Core integrity fell below 20% 2526 | -6/Proximity Caves | Destroyed by D-53 Grenadier with Mini Grenade Launcher Last Messages --------------- 02465_ Found Hammer. 02465_ Found Enh. Optical Array. 02465_ Found 29 Matter. 02495_ D-53 Grenadier misfires. 02496_ 21-6BM(M) destroyed. 02496_ D-53 Grenadier destroyed. 02496_ Slug penetrates D-53 Grenadier. 02497_ WL-KLK(M) destroyed. 02498_ Slug penetrates Reinforced Barrier. 02499_ BU-C48(M) destroyed. 02500_ Slug penetrates D-53 Grenadier. 02506_ Cmb. Airjet self-destruct mechanism malfunctions. 02506_ Acquired 11 matter. 02507_ Plasma Flamer destroyed. 02508_ Cmb. Airjet self-destruct mechanism malfunctions. 02513_ Arm. Wheel destroyed. 02515_ Exp. Sensor Array destroyed. 02515_ Gauss Rifle destroyed. 02524_ Wheel destroyed. 02526_ Adv. Heat Sink destroyed. Map ----- +----------------------------------------------------+ | ?????????????????????????????????????????????????? | | ?????????????????????????????????????????????????? | | ?????????????????????????????????????????????????? | | ?????????????????????????????????????????????????? | | ?????????????????????????????????????????????????? | | ?????????????????????????????????????????????????? | | ?????????????????????????????? ??????????????????? | | ???????????????????????????? ?????????????????? | | ????????????????????????? ?????????????????? | | ??????????????????????? ?????????????????? | | ????????????????????? #????????????????? | | ???????????????????? #????????????????? | | ?????????????????? i #????????????????? | | ???????????????? #????????????????? | | ?????????????? #????????????????? | | ?????????????? #????????????????? | | ????????????? * #????????????????? | | ????????????? ######???????????? | | ???????????? #???????????? | | ???????????? #???????????? | | ???????????? #???????????? | | ??????????? = #???????????? | | ??????????? n #???????????? | | ?????????? = #???????????? | | ?????????? #???????????? | | ?????????? d @ #???????????? | | ?????????? #???????????? | | ?????????? #???????????? | | ???????????# i ######### %######???????????? | | ???????????# ?????????# =#????????????????? | | ????????????######???????????# #????????????????? | | ?????????????????????????????# #????????????????? | | ?????????????????????####????# #?####???????????? | | ####???????????????### ##### ### ###?????????? | | ##?????????????## ## ! ##????????? | | ##????????????# # # % ##???????? | | ###??????????## ]/ ## ! #???????? | | #???????????## !%#### # ###???????? | | ##????????????## #??# ## #?????????? | | ##????? #????## ### ## #?????????? | | #????? ?????## ## #?????????? | | #####?#? ??????# ## #?????????? | | #??##? ??????# ## ##????????? | | #??# # ??????## ### #????????? | | ##??# #???????# ## #????????? | | #??# #?# ##?????## ##????????? | | #### #??# ##????# ##?????????? | | ## ###?# #????# ##??????????? | | ### #????# ##???????????? | | % ### ## ######## ##???????????? | +----------------------------------------------------+ Best States ------------- Heat Dissipation 47 Energy Generation 16 Energy Capacity 290 Matter Stores 300 Matter Capacity 300 Sight Range 16 Robot Scan Range 30 Terrain Scan Range 16 Terrain Scan Density 60 Weapon Shielding 33 Evasion (%) 50 Recoil Reduction 2 Item Schematics ----------------- None Robot Schematics ------------------ None Fabricated ------------ Nothing Alien Tech Used ----------------- None Achievements -------------- None Challenges ------------ None Game ------ Seed TachyonMobileManipulator Manual? 0 Play Time 00:31:11 Cumulative 23.2 hours Start 2020.10.09 @ 23:24:17 End 2020.10.10 @ 11:52:04 Sessions 3 Manual Loads 0 Difficulty Rogue Special Mode None Game No. 36 Rogue 36 Adventurer 0 Explorer 0 Win Type - Total 0 Types 0/0/0/0/0/0/0/0/0 Lore% 16 Gallery% 29 Achievement% 23 Wizard Run 0 Options --------- ASCII 0 Keyboard 0 Movement Mouse Keybinds 0 Fullscreen 1 Font 18/Terminus Map View 76x50 Tactical HUD 1 Map Filters NONE Filters NONE Steam 1 RUN: f096a7e3-b81e-4ea8-bd5e-40f5cf8d3d6b